 Dungeon Crawl Stone Soup version 0.23-a0-639-ga9a3373 (webtiles) character file.

14174 zishaf the Nimble (level 11, -1/53 HPs)
             Began as a Spriggan Enchanter on Dec 30, 2018.
             Was an Elder of Nemelex Xobeh.
             Engulfed by an ice statue's freezing vapour (9 damage)
             ... in an ice cave.
             The game lasted 00:40:34 (15289 turns).

zishaf the Nimble (Spriggan Enchanter)             Turns: 15289, Time: 00:40:35

Health: -1/53      AC:  5    Str:  4    XL:     11   Next: 85%
Magic:  30/30      EV: 27    Int: 20    God:    Nemelex Xobeh [****..]
Gold:   524        SH:  6    Dex: 17    Spells: 12/22 levels left

rFire    x . .     SeeInvis +   a - +1 dagger (elec)
rCold    + . .     Gourm    .   Q - +0 buckler
rNeg     . . .     Faith    .   S - +1 robe {MR+}
rPois    .         Spirit   .   c - +2 hat {MR+}
rElec    .         Reflect  .   (no cloak)
rCorr    .         Harm     .   (gloves unavailable)
MR       +++..                  (boots unavailable)
Stlth    ++++......             (no amulet)
HPRegen  0.17/turn              E - ring of ice
MPRegen  0.22/turn              o - ring of magical power

@: marked, very quick
A: very small, unfitting armour, see invisible, herbivore, speed 3, slow
metabolism 2
a: Draw Escape, Draw Destruction, Draw Summoning, Triple Draw, Deal Four,
Renounce Religion


You were in an ice cave.
You worshipped Nemelex Xobeh.
Nemelex Xobeh was greatly pleased with you.
You were not hungry.

You visited 2 branches of the dungeon, and saw 13 of its levels.
You also visited: Ice Cave.

You collected 524 gold pieces.

Inventory:

Hand Weapons
 a - a +1 dagger of electrocution (weapon)
Armour
 c - a +2 hat of magic resistance (worn)
 Q - a +0 buckler (worn)
 S - a +1 robe of magic resistance (worn)
Jewellery
 o - a ring of magical power (right hand)
 E - a ring of ice (left hand)
 G - an uncursed ring of fire
 J - an uncursed ring of protection from magic
 L - a +2 ring of dexterity
 R - an uncursed ring of flight
Wands
 x - a wand of iceblast (13)
 D - a wand of clouds (3)
 H - a wand of paralysis (13)
Scrolls
 e - 2 scrolls of enchant weapon {unknown}
 f - 2 scrolls of blinking
 h - a scroll of amnesia
 i - 4 scrolls of remove curse
 k - 7 scrolls of teleportation
 p - a scroll of acquirement {unknown}
 q - 5 scrolls of fog
 s - a scroll of magic mapping
 u - a scroll of fear {unknown}
 K - a scroll of enchant armour {unknown}
 O - 4 scrolls of identify
Potions
 g - 2 potions of magic
 j - 2 potions of resistance
 l - 3 potions of heal wounds
 m - 5 potions of curing
 n - 2 potions of mutation
 t - a potion of flight {unknown}
 w - 2 potions of agility
 z - a potion of invisibility
 A - a potion of haste {unknown}
 B - 4 potions of ambrosia
 C - a potion of might
 F - a potion of lignification
 I - 2 potions of berserk rage
 P - a potion of brilliance {unknown}
Miscellaneous
 M - a phantom mirror
Comestibles
 d - 2 rations


   Skills:
 - Level 4.0 Fighting
 - Level 4.6 Short Blades
 + Level 12.2 Dodging
 - Level 8.2 Stealth
 * Level 2.2 Shields
 - Level 6.0 Spellcasting
 + Level 8.2 Hexes
 + Level 5.8 Summonings
 - Level 2.1 Ice Magic
 + Level 6.8 Air Magic
 + Level 7.5 Invocations


You had 12 spell levels left.
You knew the following spells:

 Your Spells              Type           Power        Failure   Level  Hunger
a - Ensorcelled Hibernat  Hex/Ice        #####.       2%          2    None
b - Corona                Hex            #####..      1%          1    None
c - Summon Lightning Spi  Summ/Air       ####....     11%         4    ####...
z - Confuse               Hex            #####...     1%          3    ##.....

Your spell library contained the following spells:

 Spells                   Type           Power        Failure   Level  Hunger
 Confusing Touch          Hex            #####.       1%          1    None
 Summon Small Mammal      Summ           ####         1%          1    None
 Call Imp                 Summ           ####....     1%          2    None
 Tukima's Dance           Hex            #####...     1%          3    ##.....
 Summon Guardian Golem    Hex/Summ       ####....     2%          3    ##.....
 Call Canine Familiar     Summ           ####....     4%          3    ##.....
 Dazzling Spray           Conj/Hex       ###...       9%          3    ##.....
 Magic Dart               Conj           #...         14%         1    None
 Searing Ray              Conj           #.....       22%         2    None
 Fulminant Prism          Conj/Hex       ###.......   26%         4    ####...
 Summon Ice Beast         Ice/Summ       ####....     28%         4    ####...
 Gell's Gravitas          Tloc           #.........   41%         3    ##.....
 Metabolic Englaciation   Hex/Ice        #####.....   45%         5    #####..
 Yara's Violent Unravell  Hex/Tmut       ###.......   58%         5    #####..
 Force Lance              Conj/Tloc      #.......     82%         4    ####...
 Iskenderun's Mystic Bla  Conj           #.......     82%         4    ####...
 Petrify                  Tmut/Erth      #.......     82%         4    ####...


Dungeon Overview and Level Annotations

Branches:
Dungeon (12/15)            Temple (1/1) D:5            Lair (0/6) D:10
    Orc (0/2) D:11

Altars:
Cheibriados
Elyvilon
Fedhas
Hepliaklqana
Kikubaaqudgha
Makhleb
Nemelex Xobeh
Okawaru
Sif Muna
Trog
Uskayaw
Vehumet
Wu Jian
The Shining One

Portals:
Trove: D:11 (give 13 potions of heal wounds)

Annotations:
D:7 exclusion: door IceCv exclusion: ice statue


Innate Abilities, Weirdness & Mutations

You are very small and have problems with some larger weapons.
You are too small for most types of armour.
You have supernaturally acute eyesight. (SInv)
You are a herbivore.
You cover ground extremely quickly.
You need to consume almost no food.


Message History

An ice statue comes into view.
The ice statue gestures at you. The bolt of cold hits you! You resist.
You hit the ice statue but do no damage.
The ice statue gestures.
Really walk onto that alarm trap?
You set off the alarm!
The alarm trap emits a blaring wail!
A sentinel's mark forms upon you.
You hear a shout!
The ice statue gestures at you. The freezing blast engulfs you! You resist.
You are engulfed in freezing vapours.
You resist.
You are engulfed in freezing vapours.
You resist. The ice statue gestures at you. The bolt of cold hits you!
You resist.
* * * LOW HITPOINT WARNING * * *
You are engulfed in freezing vapours.
You resist.
You die...
Your body glows with a rainbow of weird colours and disappears.

#############
#.'.......'.#
#.#########.#
..#.#.#.#.#.##
###'#'#'#'#.8######
#.'.......#.....@○#
###.8.8.8.#.#####°#
..........#.# #○##
..........'.# +○8#
..........#.# #Y##
###.8.8.8.#.#####○#
#.'.......#.....○○#
###'#'#'#'#.8######
.8#.#.#.#.#.##


You could see an ice statue and an ice beast.

Vanquished Creatures
  A hydra (D:11)
  Harold (D:9)
  2 two-headed ogres (D:9)
  An unseen horror (D:9)
  An ugly thing (D:11)
  A komodo dragon (D:12)
  5 trolls
  A wraith (D:11)
  2 hungry ghosts
  4 yaks
  Grum (D:9)
  2 vampire mosquitoes (D:12)
  A warg (D:10)
  Menkaure (D:7)
  A porcupine (D:7)
  A black bear (D:7)
  6 orc warriors
  A sky beast (D:11)
  5 ice beasts
  6 ogres
  A phantom (D:9)
  2 wolves (D:9)
  5 centaurs
  2 bullfrogs (D:7)
  A gnoll sergeant (D:8)
  A water moccasin zombie (D:7)
  2 wyvern zombies (D:7)
  2 wyvern skeletons
  2 scorpions
  2 wights (D:9)
  A troll zombie (D:11)
  5 howler monkeys
  4 crimson imps
  4 draconian simulacra (IceCv)
  2 bullfrog zombies
  A centaur zombie (D:6)
  A jelly (D:4)
  A quasit (D:7)
  7 hounds
  A gnoll shaman (D:10)
  14 orc priests
  17 orc wizards
  Jessica (D:2)
  3 iguanas
  8 worker ants
  2 troll simulacra (IceCv)
  A centaur simulacrum (IceCv)
  2 hound skeletons (D:8)
  A worker ant zombie (D:5)
  12 gnolls
  A naga simulacrum (IceCv)
  11 adders
  A howler monkey skeleton (D:8)
  2 shadow imps (D:11)
  An ooze (D:4)
  An adder skeleton (D:9)
  A worm (D:3)
  3 dart slugs
  8 leopard geckos
  35 orcs
  7 giant cockroaches
  4 goblins
  6 hobgoblins
  8 jackals
  5 quokkas
  2 ball pythons
  9 bats
  5 frilled lizards
  A goblin skeleton (D:11)
  A hobgoblin zombie (D:11)
  A jackal skeleton (D:5)
  8 kobolds
  3 leopard gecko skeletons
  An orc zombie (D:11)
  3 quokka skeletons
  10 rats
290 creatures vanquished.

Vanquished Creatures (collateral kills)
  An ugly thing (D:12)
  2 ice statues (IceCv)
  A centaur skeleton (D:11)
  6 ice devils (IceCv)
  A shadow (D:12)
  4 yaks (D:10)
  A warg (D:10)
  2 phantoms (D:11)
  An ice beast (D:11)
  An orc warrior (D:10)
  2 centaurs
  A big kobold (D:10)
  A wyvern skeleton (D:11)
  A scorpion (D:11)
  2 troll zombies (D:11)
  6 wights
  A crimson imp (D:11)
  A quasit (D:9)
  A hound (D:11)
  3 orc priests
  2 orc wizards
  2 worker ants
  A troll simulacrum (IceCv)
  5 ogre zombies (D:11)
  An adder (D:12)
  An ogre simulacrum (IceCv)
  9 orcs
  6 kobolds (D:10)
  A goblin skeleton (D:11)
  A goblin zombie (D:11)
  2 hobgoblin skeletons (D:11)
  A hobgoblin zombie (D:11)
  3 orc skeletons (D:11)
  14 orc zombies (D:11)
88 creatures vanquished.

Vanquished Creatures (others)
  A plant (D:10)
1 creature vanquished.

Grand Total: 379 creatures vanquished

Notes
Turn   | Place    | Note
-------+----------+-------------------------------------------
     0 | D:1      | zishaf the Spriggan Enchanter began the quest for the Orb.
     0 | D:1      | Reached XP level 1. HP: 9/9 MP: 5/5
   197 | D:1      | Reached XP level 2. HP: 13/13 MP: 6/6
   213 | D:1      | Learned a level 2 spell: Ensorcelled Hibernation
   938 | D:1      | Reached XP level 3. HP: 16/16 MP: 0/8
  1094 | D:2      | Noticed Jessica
  1266 | D:2      | Killed Jessica
  1266 | D:2      | Reached skill level 5 in Stealth
  1383 | D:2      | Found a snail-covered altar of Cheibriados.
  1437 | D:2      | Reached XP level 4. HP: 19/21 MP: 5/9
  2197 | D:2      | Reached skill level 4 in Dodging
  2377 | D:3      | Found a hide-covered altar of Uskayaw.
  2441 | D:3      | Found an iron altar of Okawaru.
  2576 | D:3      | Reached skill level 5 in Hexes
  2757 | D:3      | Found a faded altar of an unknown god.
  2870 | D:4      | Reached XP level 5. HP: 24/24 MP: 5/10
  2894 | D:4      | Noticed an ogre
  2998 | D:4      | Killed an ogre
  3229 | D:4      | Reached XP level 6. HP: 28/28 MP: 6/11
  3276 | D:4      | Reached skill level 5 in Dodging
  3382 | D:4      | Learned a level 3 spell: Confuse
  3503 | D:4      | Found a hazy altar of Hepliaklqana.
  3997 | D:4      | Found a white marble altar of Elyvilon.
  4582 | D:5      | Entered Level 5 of the Dungeon
  4622 | D:5      | Learned a level 4 spell: Summon Lightning Spire
  4628 | D:5      | Found a radiant altar of Vehumet.
  4629 | D:5      | Found a burning altar of Makhleb.
  4629 | D:5      | Found a glowing golden altar of the Shining One.
  4660 | D:5      | Reached XP level 7. HP: 32/32 MP: 7/12
  4812 | D:5      | Found a bloodstained altar of Trog.
  5137 | D:5      | Found a staircase to the Ecumenical Temple.
  5146 | Temple   | Entered the Ecumenical Temple
  5164 | Temple   | Became a worshipper of Nemelex Xobeh the Trickster
  5191 | D:5      | Reached skill level 1 in Air Magic
  5203 | D:5      | Reached skill level 1 in Summonings
  5315 | D:5      | Reached skill level 6 in Dodging
  5439 | D:5      | Received a gift from Nemelex Xobeh
  5454 | D:5      | Noticed Sigmund
  5477 | D:5      | Noticed Sigmund
  5477 | D:5      | Sigmund changed into Sigmund the howler monkey
  5484 | D:5      | Killed Sigmund the howler monkey
  5565 | D:5      | Reached XP level 8. HP: 36/36 MP: 13/13
  6455 | D:6      | Reached skill level 1 in Invocations
  6631 | D:6      | Reached skill level 7 in Dodging
  6652 | D:6      | Reached * piety under Nemelex Xobeh
  6821 | D:6      | Received a gift from Nemelex Xobeh
  7394 | D:7      | Noticed Menkaure
  7640 | D:7      | Reached XP level 9. HP: 39/39 MP: 14/16
  7689 | D:7      | Reached skill level 8 in Dodging
  7967 | D:7      | Noticed a purple ugly thing
  7967 | D:7      | Noticed a kobold demonologist
  7984 | D:7      | Reached skill level 5 in Spellcasting
  8018 | D:7      | Killed Menkaure
  8297 | D:7      | Received a gift from Nemelex Xobeh
  8448 | D:8      | Found a blossoming altar of Fedhas.
  8589 | D:8      | Reached skill level 9 in Dodging
  8589 | D:8      | Reached skill level 1 in Ice Magic
  8671 | D:8      | Reached ** piety under Nemelex Xobeh
  9077 | D:9      | Noticed a two-headed ogre
  9129 | D:9      | Noticed Harold
  9303 | D:9      | Noticed a two-headed ogre
  9312 | D:9      | Killed a two-headed ogre
  9312 | D:9      | Reached XP level 10. HP: 44/44 MP: 15/18
  9455 | D:9      | Killed Harold
  9455 | D:9      | Reached skill level 1 in Fighting
  9455 | D:9      | Reached skill level 5 in Air Magic
  9455 | D:9      | Reached skill level 5 in Invocations
 10125 | D:9      | Reached skill level 10 in Dodging
 10209 | D:9      | Killed a two-headed ogre
 10209 | D:9      | Reached skill level 5 in Summonings
 10682 | D:9      | Noticed Grum
 10688 | D:9      | Killed Grum
 10848 | D:9      | Noticed an unseen horror
 10862 | D:9      | Killed an unseen horror
 10869 | D:9      | Reached skill level 11 in Dodging
 11294 | D:10     | Entered Level 10 of the Dungeon
 11294 | D:10     | Received a gift from Nemelex Xobeh
 11342 | D:10     | Reached XP level 11. HP: 44/52 MP: 13/19
 11879 | D:10     | Found a staircase to the Lair.
 12122 | D:10     | Reached *** piety under Nemelex Xobeh
 12452 | D:11     | Noticed a green ugly thing
 12462 | D:11     | Killed a green ugly thing
 12796 | D:11     | Noticed a five-headed hydra
 12821 | D:11     | Killed a five-headed hydra
 12969 | D:11     | Found a staircase to the Orcish Mines.
 13265 | D:11     | Found a portal to a secret trove of treasure.
 13746 | D:12     | Noticed a brown ugly thing
 13761 | D:12     | Killed a brown ugly thing
 13843 | D:12     | Reached skill level 12 in Dodging
 13843 | D:12     | Reached skill level 1 in Shields
 13946 | D:12     | Received a gift from Nemelex Xobeh
 13970 | D:12     | Reached **** piety under Nemelex Xobeh
 13996 | D:12     | Found a frozen archway.
 14007 | IceCv    | Entered an ice cave
 15289 | IceCv    | Engulfed by an ice statue's freezing vapour

Vault maps used:
D:1:      scummos_arrival_simple_fountains
D:2:      minmay_misc_feat_tiny, ebering_dispersal_statue_hall,
          amethyst_killhole, kennysheep_slug_shrine, uniq_jessica
D:3:      eat_drink_and_be_merry_uskayaw,
          chequers_ecumenical_altar_simple_redux, okawaru_ov_weapons_minmay
D:4:      kennysheep_six_static_rooms, nicolae_overflow_hidden_temple,
          first_ration, minmay_misc_feat_enclosed, elyvilon_altar_1
D:5:      gammafunk_temple_overflow_forgotten, minmay_temple_entry_tees,
          hangedman_decor_growths, minmay_holes, chequers_serial_rivers_small_3,
          lemuel_statue_altar, uniq_sigmund
D:7:      minmay_chambers_of_sevens, serial_glass, glass_columns_a,
          glass_columns_b, glass_columns_a, glass_columns_b, glass_columns_c,
          glass_columns_a, uniq_menkaure
D:8:      fedhas_bush_and_centaur_altar
D:9:      uniq_grum, uniq_harold
D:10:     erik_lair_orcish_takeover
D:11:     zombieorc2_lemuel, trove_entry_hex_spiral
D:12:     portal_ice_cave_entry_pillars_2
Temple:   regret_index_temple_sphere_string
IceCv:    ice_cave_tombish

Skill      XL: |  1  2  3  4  5  6  7  8  9 10 11 |
---------------+----------------------------------+-----
Hexes          | 4 5 6 7 8 |  8.2
Spellcasting   | 3 4 5 6 |  6.0
Stealth        | 5 6 7 8 |  8.2
Short Blades   | 2 3 4 |  4.6
Dodging        | 4 5 6 7 9 11 12 | 12.2
Air Magic      | 1 3 4 6 |  6.8
Summonings     | 1 3 4 5 |  5.8
Invocations    | 2 4 6 7 |  7.5
Ice Magic      | 2 |  2.1
Fighting       | 3 4 |  4.0
Shields        | 2 |  2.2

Action                   |  1- 3 |  4- 6 |  7- 9 | 10-12 || total
-------------------------+-------+-------+-------+-------++-------
Melee: Dagger            |    88 |   155 |   250 |   364 ||   857
 Cast: Corona            |     1 |       |     1 |       ||     2
       Ensorcelled Hiber |    22 |    60 |    93 |    65 ||   240
       Confuse           |       |     1 |    16 |    22 ||    39
       Summon Lightning  |       |       |       |    44 ||    44
Invok: Deal Four         |       |       |       |     1 ||     1
 Abil: Draw Destruction  |       |       |     6 |     3 ||     9
       Draw Summoning    |       |       |       |     3 ||     3
       Draw Escape       |       |       |       |     1 ||     1
Evoke: Wand              |       |       |       |     3 ||     3
  Use: Scroll            |       |       |     9 |     9 ||    18
       Potion            |       |       |       |     1 ||     1
 Stab: Sleeping          |    21 |    47 |    65 |    47 ||   180
       Distracted        |     2 |       |     1 |     6 ||     9
       Confused          |       |       |     8 |     6 ||    14
  Eat: Ration            |       |     3 |     5 |     7 ||    15
Armor: Robe              |    13 |    23 |     6 |    19 ||    61
Dodge: Dodged            |    69 |   145 |   226 |   288 ||   728
Block: Buckler           |       |       |       |    37 ||    37

Table legend:
 A = Non-vault XP
 B = Vault XP
 C = Vault XP percentage of total XP
 D = Non-vault monster count
 E = Vault monster count
 F = Vault count percentage of total count
                 A         B        C        D         E       F
            +---------+---------+-------+---------+---------+-------
      Total |   15294 |    4955 |  24.5 |     296 |      82 |  21.7
            +---------+---------+-------+---------+---------+-------
        D:1 |      42 |       0 |   0.0 |      26 |       0 |   0.0
        D:2 |      65 |      41 |  38.7 |      24 |       2 |   7.7
        D:3 |      24 |       0 |   0.0 |      12 |       0 |   0.0
        D:4 |     419 |     133 |  24.1 |      24 |       4 |  14.3
        D:5 |     717 |      58 |   7.5 |      27 |       1 |   3.6
        D:6 |     616 |       0 |   0.0 |      21 |       0 |   0.0
        D:7 |    1238 |     655 |  34.6 |      18 |       8 |  30.8
        D:8 |    1074 |     112 |   9.4 |      28 |       1 |   3.4
        D:9 |    4467 |    1304 |  22.6 |      29 |       5 |  14.7
       D:10 |    1894 |     364 |  16.1 |      35 |       7 |  16.7
       D:11 |    2720 |     386 |  12.4 |      33 |      36 |  52.2
       D:12 |    2018 |       0 |   0.0 |      19 |       0 |   0.0
      IceCv |       0 |    1902 | 100.0 |       0 |      18 | 100.0
            +---------+---------+-------+---------+---------+-------
